 Dungeon Crawl Stone Soup version 0.23.0-3-gf3c87f2 (webtiles) character file.

Game seed: 14776819381655944656

129082 Impy the Spry (level 17, -8/119 HPs)
             Began as a Halfling Hunter on Feb 20, 2019.
             Was a High Priest of Ru.
             Mangled by a shambling mangrove (22 damage)
             ... on level 4 of the Swamp.
             The game lasted 02:52:12 (27649 turns).

Impy the Spry (Halfling Hunter)                    Turns: 27649, Time: 02:52:13

Health: -8/119     AC: 11    Str: 18    XL:     17   Next: 60%
Magic:  14/17      EV: 28    Int: 10    God:    Ru [*****.]
Gold:   2450       SH: 11    Dex: 21    Spells: 16/16 levels left

rFire    . . .     SeeInvis +   h - +3 scimitar (flame)
rCold    . . .     Gourm    .   M - +0 buckler
rNeg     . . .     Faith    .   H - +0 troll leather armour
rPois    +         Spirit   .   g - +0 helmet {SInv}
rElec    .         Reflect  +   n - +0 cloak
rCorr    .         Harm     .   O - +1 pair of gloves
MR       +....                  u - +2 pair of boots {run}
Stlth    ++........             w - +4 amulet of reflection
HPRegen  0.69/turn              X - +4 ring of evasion
MPRegen  0.15/turn              m - ring of poison resistance

@: mighty, exhausted, grasped by roots, constricted, studying 2 skills, heavily
drained, quick
A: small, mutation resistance 1, inability to use devices, no hexes magic, no
poison magic, no summoning magic, unskilled 1
a: Sacrifice Drink, Sacrifice an Eye, Sacrifice Nimbleness, Reject Sacrifices,
Draw Out Power, Power Leap, Apocalypse, Renounce Religion


You were on level 4 of the Swamp.
You worshipped Ru.
Ru was extremely pleased with you.
You were not hungry.

You visited 5 branches of the dungeon, and saw 28 of its levels.
You also visited: Sewer.

You collected 2790 gold pieces.
You spent 340 gold pieces at shops.

Inventory:

Hand Weapons
 a - a +1 hunting sling of flaming
 e - a +4 falchion of freezing
 h - a +3 scimitar of flaming (weapon)
 J - a +4 falchion of holy wrath
Missiles
 d - 138 sling bullets
 l - 747 stones (quivered)
Armour
 g - a +0 helmet of see invisible (worn)
 n - a +0 cloak (worn)
 u - a +2 pair of boots of running (worn)
 A - a +0 robe of fire resistance
 H - a +0 troll leather armour (worn)
 I - a +1 robe of cold resistance
 L - the +1 leather armour of Crawling {rCorr}
   (You found it on level 11 of the Dungeon)

   It provides partial protection from all sources of acid and corrosion.
 M - a +0 buckler (worn)
 O - a +1 pair of gloves (worn)
 P - a +0 robe of the Archmagi
Jewellery
 b - the amulet "Sent" {Harm *Drain MR+ Int-2 Dex+4}
   (You found it on level 4 of the Lair of Beasts)

   [amulet of harm]

   It increases damage dealt and taken.
   It affects your intelligence (-2).
   It affects your dexterity (+4).
   It affects your resistance to hostile enchantments.
   It causes draining when unequipped.
 i - a +4 ring of intelligence
 k - an uncursed ring of protection from cold
 m - a ring of poison resistance (right hand)
 w - a +4 amulet of reflection (around neck)
 E - an uncursed ring of protection from fire
 K - a +5 ring of strength
 X - a +4 ring of evasion (left hand)
Scrolls
 c - 4 scrolls of enchant weapon
 q - 10 scrolls of remove curse
 s - a scroll of brand weapon
 t - a scroll of fear
 x - 4 scrolls of magic mapping
 y - 3 scrolls of fog
 z - 5 scrolls of amnesia
 B - 5 scrolls of teleportation
 G - a scroll of blinking
 Y - 3 scrolls of identify
Potions
 p - 3 potions of curing
 r - 7 potions of flight
 v - 5 potions of haste
 C - a potion of ambrosia
 D - a potion of brilliance
 N - a potion of resistance
 Q - 2 potions of mutation
 U - a potion of agility
 V - 2 potions of invisibility
 Z - 2 potions of magic
Books
 R - a manual of Translocations
 S - a manual of Maces & Flails
Comestibles
 f - 48 rations


   Skills:
 + Level 12.2(9.7) Fighting
   Level 1.9(9.4) Short Blades
 - Level 15.0(12.4) Long Blades
 + Level 14.8(12.2) Slings
 + Level 15.8(13.2) Dodging
 - Level 2.2(0.3) Stealth
 - Level 6.1(4.0) Shields


You had 16 spell levels left.
You didn't know any spells.
Your spell library contained the following spells:

 Spells                   Type           Power        Failure   Level  Hunger
 Flame Tongue             Conj/Fire      #....        45%         1    ##.....
 Corpse Rot               Necr           N/A          61%         2    ###....
 Sublimation of Blood     Necr           #.........   61%         2    ###....
 Throw Flame              Conj/Fire      #.....       61%         2    ###....
 Conjure Flame            Conj/Fire      #.......     83%         3    ####...
 Sticky Flame             Conj/Fire      #.......     99%         4    #####..
 Agony                    Necr           #.......     100%        5    ######.
 Bolt of Draining         Conj/Necr      #.........   100%        5    ######.
 Bolt of Magma            Conj/Fire/Erth #.........   100%        5    ######.
 Dispel Undead            Necr           #.......     100%        5    ######.
 Excruciating Wounds      Chrm/Necr      #.........   100%        5    ######.
 Fireball                 Conj/Fire      #.........   100%        5    ######.
 Iskenderun's Battlesphe  Conj/Chrm      #.......     100%        5    ######.
 Iron Shot                Conj/Erth      #.........   100%        6    #######
 Orb of Destruction       Conj           #.........   100%        7    #######
 Summon Small Mammal      Summ           Unusable     N/A         1    N/A
 Call Imp                 Summ           Unusable     N/A         2    N/A
 Call Canine Familiar     Summ           Unusable     N/A         3    N/A
 Inner Flame              Hex/Fire       Unusable     N/A         3    N/A
 Summon Guardian Golem    Hex/Summ       Unusable     N/A         3    N/A
 Summon Ice Beast         Ice/Summ       Unusable     N/A         4    N/A
 Summon Lightning Spire   Summ/Air       Unusable     N/A         4    N/A
 Venom Bolt               Conj/Pois      Unusable     N/A         5    N/A
 Spellforged Servitor     Conj/Summ      Unusable     N/A         7    N/A

Dungeon Overview and Level Annotations

Branches:
Dungeon (15/15)            Temple (0/1) D:6            Lair (6/6) D:11
  Swamp (4/4) Lair:4        Snake (0/4) Lair:4        Slime (0/5) Lair:5
    Orc (2/2) D:9             Elf (0/3) Orc:2        Vaults (0/5) D:14
 Depths (1/5) D:15

Altars:
Cheibriados
Dithmenos
Elyvilon
Makhleb
Nemelex Xobeh
Ru
Sif Muna
Trog
Xom
Yredelemnul
Beogh
Jiyva

Shops:
D:8 !   Orc:2 :[:=

Portals:
Trove: D:10 (give +3 storm dragon scales)

Annotations:
D:2 Sigmund
D:10 1 runed translucent door, Yolobob's ghost, journeyman DsGl
D:14 exclusions: slime creature and 1 more exclusion
Swamp:2 exclusion: thorn hunter
Depths:1 Nikola
Abyss:1 Louise


Innate Abilities, Weirdness & Mutations

You are small and have problems with some larger weapons.
You are somewhat resistant to further mutation.
You cannot study or use magical devices.
You cannot study or cast Hexes magic.
You cannot study or cast Poison magic.
You cannot study or cast Summoning magic.
You are somewhat unskilled. (-1 Apt)


Message History

The shambling mangrove is almost destroyed.
The hornet is engulfed in noxious fumes.
The hornet appears confused.
The hornet barely misses the tyrant leech.
The tyrant leech is engulfed in noxious fumes.
The tyrant leech appears confused.
The tyrant leech closely misses you.
You riposte.
You catch the helpless tyrant leech completely off-guard!
You hit the tyrant leech but do no damage.
The tyrant leech is lightly wounded.
You completely miss the shambling mangrove.
The shambling mangrove is almost destroyed.
The hornet closely misses the tyrant leech.
The shambling mangrove completely misses you.
* * * LOW HITPOINT WARNING * * *
The grasping roots constrict you! The tyrant leech barely misses you.
You hit the shambling mangrove. You burn the shambling mangrove.
The shambling mangrove is almost destroyed.
You block the swamp drake's attack. The shambling mangrove hits you!!
You die...

≈≈♣♣.≈.≈≈f≈♣♣
...≈♣..♣.§≈≈.≈♣♣
.≈≈≈≈♣≈♣♣♣♣≈≈≈.≈♣
♣.≈≈≈≈≈≈♣ ♣.≈≈..♣
♣.≈≈≈≈≈.♣ ♣....♣♣
♣..≈≈≈≈.♣ ♣§.≈≈≈♣
≈♣≈≈≈≈≈.♣♣♣♣(≈≈.♣
....≈≈≈≈.≈≈wy..♣♣
≈≈[.≈≈≈≈<†≈k@♣♣♣♣
≈≈.♣....≈≈≈f...♣
♣♣♣♣.≈≈≈†≈≈♣♣
♣♣.≈≈..≈♣
♣≈≈≈≈♣♣♣ ♣≈≈.♣♣
♣..♣♣ ♣♣♣♣


You could see a shambling mangrove, a tyrant leech (confused), a hornet
(confused) and a swamp drake.

Vanquished Creatures
  Rupert (Lair:4)
  A stone giant (Orc:2)
  The ghost of lextramoth the Fighter, a journeyman OgFi of the Shining One (Orc:2)
  Josephine (D:11)
  A rakshasa (D:15)
  3 vault guards (D:14)
  5 centaur warriors (D:14)
  15 hydras
  A shambling mangrove (Swamp:3)
  6 alligators
  7 two-headed ogres
  The ghost of p0werm0de the Grappler, a novice BaCK of Xom (D:9)
  2 tengu warriors
  3 orc high priests (Orc:2)
  Urug (Lair:2)
  Sonja (Lair:4)
  A fire crab (Lair:5)
  3 unseen horrors
  4 skeletal warriors (D:13)
  A glowing orange brain (D:15)
  A swamp dragon (Lair:4)
  A spriggan druid (Swamp:2)
  2 wizards (D:15)
  9 orc knights
  10 deep elf magi
  6 orc sorcerers
  6 ugly things
  5 oklob plants
  2 moths of wrath (Orc:2)
  Maurice (D:9)
  8 cyclopes
  3 manticores (D:14)
  A black mamba (shapeshifter) (D:15)
  Psyche (D:10)
  7 black mambas
  A gargoyle (D:11)
  A kobold demonologist (D:11)
  13 spiny frogs
  A freezing wraith (D:15)
  An efreet (D:15)
  A yaktaur (D:14)
  A yaktaur (shapeshifter) (D:15)
  12 komodo dragons
  2 queen bees
  2 tengu conjurers
  4 red devils (D:15)
  5 polar bears
  8 trolls
  A wolf spider simulacrum (D:15)
  Prince Ribbit (D:6)
  9 tyrant leeches
  11 slime creatures
  24 blink frogs
  10 hornets
  A meliai zombie (D:13)
  3 dream sheep (Lair:6)
  11 hippogriffs
  3 bog bodies (Swamp:1)
  3 shadows
  12 spriggans
  38 yaks
  5 wraiths
  A yak (shapeshifter) (D:15)
  Eustachio (D:6)
  3 wyverns
  2 basilisks
  28 vampire mosquitoes
  Menkaure (D:5)
  A soldier ant (D:14)
  A warg (Orc:1)
  9 swamp worms
  3 acid dragons
  3 nagas (Lair:4)
  14 porcupines
  12 water moccasins
  33 orc warriors
  2 phantoms
  7 sky beasts
  2 eyes of draining
  5 ice beasts
  6 swamp drakes
  13 ogres
  8 black bears
  The ghost of feelmyfire the Sneak, an amateur NaTm (D:3)
  A necrophage (D:14)
  28 wolves
  7 boggarts
  20 crocodiles
  9 centaurs
  2 big kobolds (D:11)
  12 bullfrogs
  A gnoll sergeant (D:11)
  A water moccasin zombie (D:5)
  48 killer bees
  9 wights
  9 howler monkeys
  12 crimson imps
  2 bullfrog zombies
  4 centaur zombies
  A quasit (D:5)
  3 hounds
  3 jellies
  21 orc priests
  Crazy Yiuf (D:3)
  3 centaur skeletons
  Terence (D:3)
  7 iguanas
  21 orc wizards
  6 worker ants
  A killer bee zombie (D:7)
  2 hound zombies
  2 hound skeletons
  A howler monkey zombie (D:11)
  A worker ant zombie (D:7)
  Robin (D:3)
  5 gnolls
  14 adders
  6 river rats (Sewer)
  5 shadow imps
  10 oozes
  An adder skeleton (D:9)
  2 worms
  3 leopard geckos
  110 orcs
  5 bats
  9 giant cockroaches
  21 goblins
  7 hobgoblins
  2 jackals (D:4)
  18 kobolds
  6 quokkas
  4 ball pythons
  13 frilled lizards
  A leopard gecko skeleton (D:5)
  A quokka skeleton (D:5)
  A quokka zombie (D:5)
  15 rats
961 creatures vanquished.

Vanquished Creatures (collateral kills)
  A killer bee (D:9)
1 creature vanquished.

Vanquished Creatures (others)
  2 hydras
  A two-headed ogre (Orc:2)
  3 blink frogs
  A hornet (Swamp:1)
  An orc wizard (Orc:2)
  An orc priest (Orc:2)
  3 orcs
  3 bushes (D:11)
  9 fungi
  15 plants
  8 toadstools (D:4)
47 creatures vanquished.

Grand Total: 1009 creatures vanquished

Notes
Turn   | Place    | Note
-------+----------+-------------------------------------------
     0 | D:1      | Impy the Halfling Hunter began the quest for the Orb.
     0 | D:1      | Reached XP level 1. HP: 14/14 MP: 1/1
    64 | D:1      | Reached XP level 2. HP: 19/19 MP: 2/2
   187 | D:1      | Reached XP level 3. HP: 19/24 MP: 3/3
   789 | D:2      | Noticed Sigmund
   856 | D:2      | Reached skill level 1 in Short Blades
   856 | D:2      | Reached XP level 4. HP: 26/29 MP: 4/4
   956 | D:2      | Reached XP level 5. HP: 15/34 MP: 5/5
  1871 | D:3      | Noticed Terence
  1880 | D:3      | Killed Terence
  1942 | D:3      | Reached skill level 1 in Long Blades
  1986 | D:3      | Found a runed translucent door.
  1987 | D:3      | Noticed Crazy Yiuf
  1993 | D:3      | Killed Crazy Yiuf
  1993 | D:3      | Reached XP level 6. HP: 39/39 MP: 6/6
  2054 | D:3      | Found a runed translucent door.
  2056 | D:3      | Noticed feelmyfire's ghost (amateur NaTm)
  2064 | D:3      | Killed feelmyfire's ghost
  2303 | D:3      | Noticed Robin
  2333 | D:3      | Killed Robin
  2432 | D:4      | Reached XP level 7. HP: 45/45 MP: 7/7
  2487 | D:4      | Reached skill level 5 in Dodging
  3109 | D:4      | Reached skill level 5 in Long Blades
  3112 | D:4      | Reached XP level 8. HP: 42/50 MP: 8/8
  3222 | D:5      | Entered Level 5 of the Dungeon
  3250 | D:5      | Identified a +0 pair of boots of running (You found it on
                  | level 5 of the Dungeon)
  3430 | D:5      | Found a sparkling altar of Nemelex Xobeh.
  3505 | D:5      | Found a glowing drain.
  3525 | Sewer    | Entered a sewer
  4046 | D:5      | Noticed Menkaure
  4057 | D:5      | Killed Menkaure
  4370 | D:5      | Found a bloodstained altar of Trog.
  4562 | D:6      | Noticed Eustachio
  4563 | D:6      | Noticed Prince Ribbit
  4570 | D:6      | Killed Prince Ribbit
  4570 | D:6      | Reached XP level 9. HP: 46/57 MP: 9/9
  4583 | D:6      | Killed Eustachio
  4627 | D:6      | Found a shadowy altar of Dithmenos.
  4684 | D:6      | Found a sacrificial altar of Ru.
  4692 | D:6      | Became a worshipper of Ru the Awakened
  4702 | D:6      | Found a white marble altar of Elyvilon.
  4849 | D:6      | Found a staircase to the Ecumenical Temple.
  5208 | D:7      | Found a burning altar of Makhleb.
  5209 | D:7      | Found a deep blue altar of Sif Muna.
  5415 | D:7      | Noticed a troll
  5429 | D:7      | Killed a troll
  5518 | D:7      | Reached skill level 5 in Fighting
  5818 | D:8      | Found Moeroweme's Distillery.
  5830 | D:8      | Reached XP level 10. HP: 66/66 MP: 10/10
  5915 | D:8      | Found a shimmering altar of Xom.
  6147 | D:8      | Noticed a two-headed ogre
  6173 | D:8      | Killed a two-headed ogre
  6290 | D:8      | Reached skill level 10 in Dodging
  6370 | D:8      | Reached XP level 11. HP: 29/74 MP: 11/11
  6637 | D:8      | Noticed a two-headed ogre
  6651 | D:8      | Killed a two-headed ogre
  6651 | D:8      | Reached skill level 10 in Long Blades
  7503 | D:9      | Found a staircase to the Orcish Mines.
  7610 | D:9      | Found a runed translucent door.
  7614 | D:9      | Noticed p0werm0de's ghost (novice BaCK)
  7615 | D:9      | Noticed a cyclops
  7994 | D:9      | Killed p0werm0de's ghost
  8007 | D:9      | Killed a cyclops
  8094 | D:10     | Entered Level 10 of the Dungeon
  8144 | D:10     | Noticed a two-headed ogre
  8152 | D:10     | Killed a two-headed ogre
  8246 | D:10     | Found a runed translucent door.
  8248 | D:10     | Found a shimmering altar of Xom.
  8248 | D:10     | Noticed Yolobob's ghost (journeyman DsGl)
  8249 | D:10     | Noticed a +2 rapier of chaos
  8319 | D:10     | Found a portal to a secret trove of treasure.
  8405 | D:10     | Reached XP level 12. HP: 73/84 MP: 12/12
  8540 | D:10     | Noticed Psyche
  8551 | D:10     | Killed Psyche
  8551 | D:10     | Reached skill level 1 in Shields
  8761 | D:11     | Killed an unseen horror
  8965 | D:11     | Noticed Josephine
  8995 | D:11     | Killed Josephine
  9094 | D:11     | Noticed a sixfirhy
  9103 | D:11     | Noticed an eight-headed hydra
  9136 | D:11     | Noticed an eight-headed hydra
  9238 | D:11     | Reached skill level 5 in Shields
  9263 | D:11     | Noticed a soul eater
  9264 | D:11     | Noticed a soul eater
  9419 | D:11     | Noticed a two-headed ogre
  9580 | D:11     | Reached XP level 13. HP: 86/89 MP: 13/13
 11741 | D:13     | Gained mutation: You cannot study or use magical devices.
                  | [Ru sacrifice]
 11741 | D:13     | Reached * piety under Ru
 11741 | D:13     | Reached ** piety under Ru
 12460 | D:14     | Noticed a centaur warrior
 12460 | D:14     | Noticed a four-headed hydra
 12510 | D:14     | Reached XP level 14. HP: 98/98 MP: 14/14
 12613 | D:14     | Reached skill level 10 in Fighting
 12663 | D:14     | Reached skill level 10 in Slings
 12684 | D:14     | Found a snail-covered altar of Cheibriados.
 13451 | D:14     | Found a gate to the Vaults.
 13812 | D:15     | Entered Level 15 of the Dungeon
 14085 | D:11     | Found a staircase to the Lair.
 14234 | D:11     | Gained mutation: You are somewhat unskilled. (-1 Apt) [Ru
                  | sacrifice]
 14234 | D:11     | Reduced skill Fighting to level 10
 14234 | D:11     | Reduced skill Short Blades to level 1
 14234 | D:11     | Reached *** piety under Ru
 14234 | D:11     | Reached **** piety under Ru
 14394 | D:11     | Got a smelly leather armour
 14395 | D:11     | Identified the +1 leather armour of Crawling {rCorr} (You
                  | found it on level 11 of the Dungeon)
 14777 | Orc:1    | Entered Level 1 of the Orcish Mines
 14904 | Orc:1    | Paralysed by an orc sorcerer for 7 turns
 15072 | Orc:1    | Reached XP level 15. HP: 103/103 MP: 15/15
 15262 | Orc:2    | Entered Level 2 of the Orcish Mines
 15464 | Orc:2    | Found a staircase to the Elven Halls.
 15501 | Orc:2    | Identified the +7 great sword of Impy's Doom {antimagic,
                  | rPois Str+8 Int+2 Dex-2}
 15533 | Orc:2    | Found a transporter.
 15584 | Orc:2    | Noticed lextramoth's ghost (journeyman OgFi)
 15754 | Orc:2    | Gained mutation: You cannot study or cast Poison magic. [Ru
                  | sacrifice]
 15754 | Orc:2    | Gained mutation: You cannot study or cast Hexes magic. [Ru
                  | sacrifice]
 15754 | Orc:2    | Gained mutation: You cannot study or cast Summoning magic.
                  | [Ru sacrifice]
 15754 | Orc:2    | Reached ***** piety under Ru
 15867 | Orc:2    | Found a roughly hewn altar of Beogh.
 15954 | Orc:2    | Found Ukodor's Antique Armour Boutique.
 15954 | Orc:2    | Found Gopuahi's Book Shoppe.
 15956 | Orc:2    | Found Diammair's Jewellery Boutique.
 15956 | Orc:2    | Found Yfurydgh's Book Shoppe.
 16086 | Orc:2    | Found a transporter.
 16093 | Orc:2    | Found a bloodstained altar of Trog.
 16116 | Orc:2    | Identified the amulet of Mas Po Velli {Acrobat Fragile rN++
                  | Str+6}
 16126 | Orc:2    | Noticed a stone giant
 16944 | D:9      | Noticed Maurice
 16965 | D:9      | Killed Maurice
 17047 | Lair:1   | Entered Level 1 of the Lair of Beasts
 18198 | Lair:2   | Noticed Urug
 18219 | Lair:2   | Killed Urug
 19330 | Lair:4   | Noticed Rupert
 19380 | Lair:4   | Killed Rupert
 19499 | Lair:4   | Reached skill level 15 in Long Blades
 19545 | Lair:4   | Noticed Sonja
 19552 | Lair:4   | Killed Sonja
 19665 | Lair:4   | Found a staircase to the Swamp.
 19665 | Lair:4   | Reached XP level 16. HP: 110/110 MP: 16/16
 20108 | Lair:4   | Found a staircase to the Snake Pit.
 20301 | Lair:4   | Got a flickering golden amulet
 20323 | Lair:4   | Got a jewelled spear
 20325 | Lair:4   | Identified the amulet "Sent" {Harm *Drain MR+ Int-2 Dex+4}
                  | (You found it on level 4 of the Lair of Beasts)
 20867 | Lair:5   | Found a staircase to the Slime Pits.
 20867 | Lair:5   | Found a viscous altar of Jiyva.
 21336 | Lair:6   | Entered Level 6 of the Lair of Beasts
 23270 | D:15     | Reached skill level 15 in Dodging
 23751 | D:15     | Found a staircase to the Depths.
 24142 | Depths:1 | Entered Level 1 of the Depths
 24151 | Depths:1 | Noticed Nikola
 24465 | Orc:2    | Bought an uncursed ring of poison resistance for 340 gold
                  | pieces
 24529 | Orc:2    | Reached XP level 17. HP: 66/117 MP: 12/17
 24581 | Orc:2    | Killed lextramoth's ghost
 24916 | Swamp:1  | Entered Level 1 of the Swamp
 25285 | Swamp:1  | Noticed Louise
 25353 | Swamp:1  | Banished Louise
 26061 | Swamp:2  | Noticed a thorn hunter
 27293 | Swamp:3  | Found a basalt altar of Yredelemnul.
 27430 | Swamp:4  | Entered Level 4 of the Swamp
 27488 | Swamp:4  | HP: 4/119 [shambling mangrove (12)]
 27540 | Swamp:3  | Identified the cursed +1 spear "Lis Duh" {pierce, *Drain
                  | rElec rPois rN+++} (You found it on level 4 of the Lair of
                  | Beasts)
 27649 | Swamp:4  | Mangled by a shambling mangrove

Skill      XL: |  1  2  3  4  5  6  7  8  9 10 11 12 13 14 15 16 17 |
---------------+----------------------------------------------------+-----
Slings         | 6 9 11 13 14 | 14.8
Dodging        | 3 4 5 7 8 10 11 12 13 14 15 | 15.8
Short Blades   | 1 2 1 |  1.9
Stealth        | 2 |  2.2
Fighting       | 2 3 5 6 8 9 10 11 12 | 12.2
Long Blades    | 1 3 5 7 8 9 11 13 14 13 15 | 15.0
Shields        | 5 6 |  6.1

Action                   |  1- 3 |  4- 6 |  7- 9 | 10-12 | 13-15 | 16-18 || total
-------------------------+-------+-------+-------+-------+-------+-------++-------
Melee: Short sword       |    87 |    92 |       |       |       |       ||   179
       Falchion          |       |    73 |   337 |   848 |  1873 |   717 ||  3848
       Quarterstaff      |       |       |    18 |       |       |       ||    18
       Scimitar          |       |       |       |       |       |   601 ||   601
 Fire: Hunting sling     |    10 |     4 |    17 |     4 |   116 |    60 ||   211
Throw: Stone             |       |       |       |     1 |       |       ||     1
Invok: Sacrifice Artific |       |       |       |       |     1 |       ||     1
       Power Leap        |       |       |       |       |    13 |    25 ||    38
       Sacrifice Skill   |       |       |       |       |     1 |       ||     1
       Apocalypse        |       |       |       |       |     1 |       ||     1
       Sacrifice Arcana  |       |       |       |       |     1 |       ||     1
       Draw Out Power    |       |       |       |       |       |     2 ||     2
Evoke: Wand              |       |       |       |     4 |       |       ||     4
  Use: Scroll            |     2 |     7 |     4 |    14 |    11 |    11 ||    49
       Potion            |       |     4 |     6 |    16 |     2 |    12 ||    40
 Stab: Sleeping          |       |     2 |    11 |     2 |     4 |     5 ||    24
       Distracted        |       |       |     1 |     3 |     3 |     8 ||    15
       Fleeing           |       |       |       |     1 |       |       ||     1
       Paralysed         |       |       |       |     4 |     7 |     3 ||    14
       Invisible         |       |       |       |       |    11 |    11 ||    22
       Confused          |       |       |       |       |       |     2 ||     2
  Eat: Chunk             |       |     5 |     7 |     7 |    15 |     4 ||    38
       Ration            |       |       |     1 |     2 |     5 |     7 ||    15
Armor: Leather armour    |    19 |    40 |    63 |       |       |     5 ||   127
       Troll leather arm |       |       |     4 |   162 |   139 |    92 ||   397
Dodge: Dodged            |    75 |   155 |   274 |   692 |  1139 |  1018 ||  3353
Block: Buckler           |       |       |       |    73 |   468 |   402 ||   943
       Reflection        |       |       |       |       |       |     2 ||     2
       Rpst.: Falchion   |       |    26 |    82 |   195 |   283 |   121 ||   707
       Scimitar          |       |       |       |       |       |   104 ||   104
